 Dungeon Crawl Stone Soup version 0.22.1-2-g9c5b331 (webtiles) character file.

303 shamaniam the Ruffian (level 6, -1/57 HPs)
             Began as a Troll Transmuter on Nov 25, 2018.
             Slain by an orc
             ... wielding a +0 flail
              (4 damage)
             ... on level 4 of the Dungeon.
             The game lasted 00:06:16 (1915 turns).

shamaniam the Ruffian (Troll Transmuter)            Turns: 1915, Time: 00:06:16

Health: -1/57      AC:  7    Str: 24    XL:     6   Next: 15%
Magic:  7/7        EV: 10    Int: 11    God:
Gold:   96         SH:  0    Dex: 10    Spells: 7/8 levels left

rFire    . . .     SeeInvis .   b - -1 blowgun (curse)
rCold    . . .     Gourm    +   (no shield)
rNeg     + . .     Faith    .   n - +0 robe
rPois    .         Spirit   .   k - +1 hat
rElec    .         Reflect  .   p - +0 cloak
rCorr    .         Harm     .   (gloves unavailable)
MR       .....                  (boots unavailable)
Stlth    +.........             (no amulet)
HPRegen  0.59/turn              f - +5 ring of strength
MPRegen  0.10/turn              i - ring of positive energy

@: no status effects
A: large, unfitting armour, claws 3, fast metabolism 3, gourmand, regeneration
1, shaggy fur 1, tough skin 2
a: no special abilities


You were on level 4 of the Dungeon.
You were completely stuffed.

You visited 1 branch of the dungeon, and saw 4 of its levels.

You collected 96 gold pieces.

Inventory:

Hand Weapons
 b - a cursed -1 blowgun (weapon)
 l - a +1 war axe of flaming
 q - a +0 short sword
Missiles
 a - 25 arrows
 r - 5 poisoned needles (quivered)
Armour
 k - a +1 hat (worn)
 n - a +0 robe (worn)
 p - a +0 cloak (worn)
Jewellery
 f - a +5 ring of strength (left claw)
 i - a ring of positive energy (right claw)
Scrolls
 e - a scroll of immolation
 j - a scroll of identify
Potions
 c - 2 potions of curing
 h - a potion of berserk rage {unknown}
 m - a potion of flight {unknown}
 o - a potion of heal wounds {unknown}
Comestibles
 d - 7 rations


   Skills:
 + Level 2.0 Fighting
 + Level 1.8 Armour
 - Level 1.5 Dodging
 * Level 4.7 Unarmed Combat
 + Level 1.9 Spellcasting
 + Level 2.2 Transmutations


You had 7 spell levels left.
You knew the following spells:

 Your Spells              Type           Power        Failure   Level  Hunger
a - Beastly Appendage     Tmut           #.....       12%         1    ##.....

Your spell library contained the following spells:

 Spells                   Type           Power        Failure   Level  Hunger
 Sticks to Snakes         Tmut           #.......     17%         2    ###....
 Spider Form              Tmut/Pois      #.........   50%         3    ####...
 Ice Form                 Ice/Tmut       #.......     88%         4    #####..
 Blade Hands              Tmut           #.........   97%         5    ######.


Dungeon Overview and Level Annotations

Branches:
Dungeon (4/15)
 Temple: D:4-7

Altars:
Ashenzari
Nemelex Xobeh
Okawaru


Innate Abilities, Weirdness & Mutations

You are too large for most types of armour.
You have claws for hands.
Your metabolism is lightning-fast.
You like to eat raw meat.
Your natural rate of healing is unusually fast.
You are covered in fur. (AC +1)
You have very tough skin. (AC +2)


Message History

The orc misses you. The orc barely misses you.
The howler monkey completely misses you.
The orc closely misses you. x3
You clumsily bash the orc but do no damage.
The howler monkey hits you. The orc barely misses you.
The orc closely misses you. The orc hits you with a flail!
The orc closely misses you. The howler monkey hits you!
The orc hits you with a flail.
* * * LOW HITPOINT WARNING * * *
You clumsily bash the orc but do no damage.
The orc closely misses you. The howler monkey barely misses you.
The orc barely misses you. The orc hits you but does no damage.
The orc hits you with a flail.
* * * LOW HITPOINT WARNING * * *
The orc barely misses you. The howler monkey closely misses you.
You clumsily bash the howler monkey but do no damage.
The orc misses you. The orc barely misses you. The howler monkey hits you!
* * * LOW HITPOINT WARNING * * *
The orc barely misses you. The orc hits you with a flail.
You die...

.# . .#.#
######.#.#
##........
.#........
.........
......oo#
#.....o@#
.......ho.....#
##.....#l......
#...... ....###
#...... .....#
#...... .....#
#...... ...?.#
##..... ....##


You could see a howler monkey, 4 orcs and a leopard gecko.

Vanquished Creatures
  A sky beast (D:3)
  A jelly (D:2)
  Terence (D:2)
  4 adders
  7 oozes (D:2)
  4 worms
  5 leopard geckos
  2 ball pythons
  4 giant cockroaches
  8 hobgoblins
  3 quokkas
  10 bats
  2 frilled lizards
  3 goblins
  16 kobolds
  6 rats
77 creatures vanquished.

Vanquished Creatures (others)
  8 toadstools (D:2)
8 creatures vanquished.

Grand Total: 85 creatures vanquished

Notes
Turn   | Place    | Note
-------+----------+-------------------------------------------
     0 | D:1      | shamaniam the Troll Transmuter began the quest for the Orb.
     0 | D:1      | Reached XP level 1. HP: 18/18 MP: 1/1
    66 | D:1      | Reached skill level 1 in Fighting
   114 | D:1      | Reached XP level 2. HP: 27/27 MP: 2/2
   225 | D:1      | Found a shattered altar of Ashenzari.
   287 | D:1      | You fall through a shaft!
   298 | D:2      | Reached XP level 3. HP: 33/33 MP: 4/4
   330 | D:2      | Found a sparkling altar of Nemelex Xobeh.
   499 | D:2      | Noticed Terence
   506 | D:2      | Killed Terence
   506 | D:2      | Reached skill level 1 in Armour
   506 | D:2      | Reached XP level 4. HP: 38/41 MP: 5/5
   893 | D:2      | Reached skill level 4 in Unarmed Combat
  1389 | D:2      | Reached XP level 5. HP: 37/48 MP: 6/6
  1685 | D:3      | Noticed a sky beast
  1703 | D:3      | Killed a sky beast
  1703 | D:3      | Reached XP level 6. HP: 29/57 MP: 7/7
  1755 | D:3      | Found an iron altar of Okawaru.
  1915 | D:4      | Slain by an orc

Skill      XL: |  1  2  3  4  5 |
---------------+----------------+-----
Fighting       | 1 2 |  2.0
Armour         | 1 |  1.8
Unarmed Combat | 4 |  4.7
Transmutations | 2 |  2.2
Dodging        | |  1.5
Spellcasting   | |  1.9

Action                   |  1- 3 |  4- 6 || total
-------------------------+-------+-------++-------
Melee: Unarmed           |    87 |   148 ||   235
       Punch             |       |     1 ||     1
       Blowgun           |       |     5 ||     5
  Use: Scroll            |       |     3 ||     3
  Eat: Chunk             |    10 |    13 ||    23
Armor: Robe              |    43 |    68 ||   111
Dodge: Dodged            |    52 |   124 ||   176
